General information
- name: BNet
- type: Ladder team game (AT/RT)
- host: Battle.net
- saver: Osama.Bin.Laden
map: Friends
- players: 8
- length: 27:06
- speed: Fast
- version: 1.26 W3XP
- replay type: Public
» download(188 KB)
Players
team 1 (loser)
5o1.RAZORBACKS (
yellow | 52 APM | 1406 actions | 26:52)
6 Death Knight
3 Death Coil
3 Unholy Aura
4 Lich
2 Frost Nova
2 Frost Armor
» actions
| Assign group hotkey | 4 | |
| Basic commands | 45 | |
| Build / train | 94 | |
| Enter build submenu | 20 | |
| Enter hero's abilities submenu | 10 | |
| Give item / drop item | 1 | |
| Right click | 773 | |
| Select / deselect | 322 | |
| Select group hotkey | 50 | |
| Use ability | 87 | |
1406 total
» units
| Acolyte | 7 | |
| Ghoul | 4 | |
| Crypt Fiend | 13 | |
| Goblin Sapper | 2 | |
| Frost Wyrm | 16 | |
42 total
» upgrades
| Web | 1 | |
| Creature Attack | 2 | |
| Creature Carapace | 2 | |
| Freezing Breath | 1 | |
6 total
» buildings
| Crypt | 2 | |
| Altar of Darkness | 2 | |
| Ziggurat | 9 | |
| Graveyard | 2 | |
| Tomb of Relics | 1 | |
| Nerubian Tower | 3 | |
| Halls of the Dead | 3 | |
| Black Citadel | 3 | |
| Sacrificial Pit | 1 | |
| Boneyard | 2 | |
28 total
» build order
00:38 Crypt
00:41 Crypt
00:47 Altar of Darkness
00:50 Altar of Darkness
00:53 Ziggurat
01:00 Graveyard
01:15 Tomb of Relics
01:31 Ziggurat
02:15 Nerubian Tower
02:16 Nerubian Tower
03:02 Halls of the Dead
03:03 Halls of the Dead
04:07 Ziggurat
04:11 Ziggurat
05:36 Black Citadel
05:37 Black Citadel
05:58 Sacrificial Pit
06:33 Ziggurat
08:34 Boneyard
08:40 Boneyard
08:45 Ziggurat
08:51 Ziggurat
14:45 Ziggurat
15:35 Ziggurat
22:30 Graveyard
» items
| Rod of Necromancy | 1 | |
| Scroll of Town Portal | 1 | |
| Potion of Healing | 2 | |
| Orb of Corruption | 1 | |
5 total
betrayer. (
blue | 37 APM | 993 actions | 27:02)
6 Death Knight
3 Death Coil
2 Unholy Aura
1 Animate Dead
» actions
| Build / train | 60 | |
| Enter build submenu | 19 | |
| Enter hero's abilities submenu | 7 | |
| Give item / drop item | 4 | |
| Remove unit from queue | 1 | |
| Right click | 511 | |
| Select / deselect | 332 | |
| Use ability | 59 | |
993 total
» units
| Acolyte | 2 | |
| Ghoul | 5 | |
| Crypt Fiend | 12 | |
| Obsidian Statue | 9 | |
| Goblin Zeppelin | 1 | |
| Knight | 2 | |
31 total
» upgrades
| Creature Attack | 1 | |
| Creature Carapace | 1 | |
| Web | 1 | |
| Burrow | 1 | |
| Destroyer Form | 1 | |
5 total
» buildings
| Ziggurat | 5 | |
| Crypt | 2 | |
| Graveyard | 1 | |
| Tomb of Relics | 2 | |
| Altar of Darkness | 1 | |
| Spirit Tower | 2 | |
| Halls of the Dead | 1 | |
| Nerubian Tower | 2 | |
| Sacrificial Pit | 1 | |
| Slaughterhouse | 2 | |
| Black Citadel | 1 | |
20 total
» build order
00:26 Ziggurat
00:50 Crypt
01:02 Graveyard
01:13 Tomb of Relics
01:20 Tomb of Relics
01:56 Altar of Darkness
02:02 Ziggurat
02:46 Spirit Tower
04:09 Crypt
06:39 Halls of the Dead
06:44 Ziggurat
07:43 Nerubian Tower
07:45 Spirit Tower
09:18 Sacrificial Pit
09:30 Slaughterhouse
13:22 Black Citadel
15:58 Ziggurat
15:59 Ziggurat
21:03 Slaughterhouse
24:06 Nerubian Tower
» items
| Rod of Necromancy | 1 | |
| Dust of Appearance | 1 | |
| Moonstone | 1 | |
| Lesser Clarity Potion | 1 | |
| Ankh of Reincarnation | 1 | |
| Red Drake Egg | 1 | |
| Amulet of the Wild | 1 | |
| Orb of Venom | 1 | |
| Potion of Healing | 1 | |
9 total
kmn (
green | 49 APM | 1260 actions | 25:51)
6 Blood Mage
3 Flame Strike
2 Siphon Mana
1 Summon Phoenix
4 Paladin
2 Holy Light
1 Divine Shield
1 Devotion Aura
» actions
| Assign group hotkey | 15 | |
| Build / train | 84 | |
| Enter build submenu | 40 | |
| Enter hero's abilities submenu | 11 | |
| Right click | 306 | |
| Select / deselect | 360 | |
| Select group hotkey | 348 | |
| Use ability | 96 | |
1260 total
» units
| Peasant | 15 | |
| Footman | 4 | |
| Priest | 7 | |
| Knight | 14 | |
| Spell Breaker | 7 | |
47 total
» upgrades
| Swords | 3 | |
| Plating | 3 | |
| Animal War Training | 1 | |
| Magic Sentry | 1 | |
| Priest Training | 1 | |
| Control Magic | 1 | |
10 total
» buildings
| Farm | 11 | |
| Altar of Kings | 1 | |
| Barracks | 2 | |
| Lumber Mill | 1 | |
| Keep | 1 | |
| Scout Tower | 17 | |
| Arcane Tower | 1 | |
| Guard Tower | 11 | |
| Blacksmith | 1 | |
| Castle | 1 | |
| Arcane Sanctum | 1 | |
| Town Hall | 1 | |
| Arcane Vault | 1 | |
50 total
» build order
00:10 Farm
00:23 Altar of Kings
00:54 Farm
01:25 Farm
01:31 Barracks
02:09 Farm
02:26 Farm
02:57 Lumber Mill
03:54 Keep
04:23 Scout Tower
04:27 Scout Tower
04:30 Farm
04:57 Scout Tower
05:00 Scout Tower
05:01 Arcane Tower
05:04 Guard Tower
05:11 Farm
05:15 Blacksmith
05:37 Guard Tower
05:52 Farm
06:28 Castle
06:32 Farm
06:52 Scout Tower
06:54 Scout Tower
06:56 Scout Tower
07:03 Scout Tower
07:05 Scout Tower
07:09 Scout Tower
07:14 Scout Tower
07:18 Farm
07:30 Scout Tower
07:35 Guard Tower
07:49 Guard Tower
07:51 Guard Tower
07:58 Farm
08:03 Guard Tower
08:21 Arcane Sanctum
08:38 Barracks
11:46 Town Hall
13:04 Arcane Vault
14:52 Scout Tower
15:24 Scout Tower
15:26 Guard Tower
15:58 Scout Tower
15:59 Guard Tower
16:33 Scout Tower
16:34 Guard Tower
17:11 Scout Tower
17:12 Guard Tower
18:26 Guard Tower
» items
uhome05 (
pink | 37 APM | 960 actions | 25:41)
4 Keeper of the Grove
1 Entangling Roots
2 Thorns Aura
1 Force of Nature
» actions
| Basic commands | 6 | |
| Build / train | 65 | |
| Enter build submenu | 36 | |
| Enter hero's abilities submenu | 4 | |
| Remove unit from queue | 3 | |
| Right click | 428 | |
| Select / deselect | 330 | |
| Use ability | 88 | |
960 total
» units
| Wisp | 18 | |
| Archer | 3 | |
| Huntress | 13 | |
| Druid of the Claw | 1 | |
| Chimaera | 4 | |
| Faerie Dragon | 1 | |
| Mountain Giant | 1 | |
41 total
» upgrades
| Strength of the Moon | 2 | |
| Moon Armor | 2 | |
| Ultravision | 1 | |
| Sentinel | 1 | |
| Strength of the Wild | 3 | |
| Upgrade Moon Glaive | 1 | |
| Reinforced Hides | 2 | |
12 total
» buildings
| Altar of Elders | 2 | |
| Moon Well | 10 | |
| Ancient of War | 3 | |
| Hunter's Hall | 2 | |
| Ancient of Wonders | 1 | |
| Tree of Ages | 1 | |
| Tree of Eternity | 1 | |
| Ancient of Lore | 3 | |
| Ancient of Wind | 3 | |
| Chimaera Roost | 1 | |
| Tree of Life | 1 | |
| Ancient Protector | 2 | |
30 total
» build order
00:07 Altar of Elders
00:19 Moon Well
01:13 Moon Well
01:43 Ancient of War
01:50 Ancient of War
02:01 Moon Well
02:33 Hunter's Hall
02:45 Ancient of Wonders
04:28 Moon Well
05:56 Ancient of War
06:05 Moon Well
06:42 Tree of Ages
07:14 Moon Well
08:25 Moon Well
09:31 Tree of Eternity
09:54 Ancient of Lore
10:23 Ancient of Lore
11:19 Ancient of Wind
12:36 Chimaera Roost
12:49 Moon Well
15:13 Moon Well
15:15 Moon Well
15:20 Ancient of Lore
15:51 Ancient of Wind
16:00 Ancient of Wind
16:34 Hunter's Hall
21:01 Altar of Elders
22:01 Tree of Life
24:40 Ancient Protector
24:43 Ancient Protector
» items
| Rod of Necromancy | 1 | |
| Moonstone | 1 | |
| Lesser Clarity Potion | 1 | |
3 total
team 2 (winner)
Dreamlo (
teal | 100 APM | 2700 actions | 27:02)
7 Archmage
3 Blizzard
3 Brilliance Aura
1 Mass Teleport
6 Blood Mage
3 Flame Strike
2 Siphon Mana
1 Summon Phoenix
» actions
| Assign group hotkey | 11 | |
| Basic commands | 76 | |
| Build / train | 127 | |
| ESC pressed | 3 | |
| Enter build submenu | 24 | |
| Enter hero's abilities submenu | 14 | |
| Right click | 1419 | |
| Select / deselect | 375 | |
| Select group hotkey | 554 | |
| Use ability | 96 | |
2700 total
» units
| Peasant | 21 | |
| Footman | 5 | |
| Knight | 13 | |
| Siege Engine | 9 | |
| Flying Machine | 22 | |
70 total
» upgrades
| Swords | 1 | |
| Gunpowder | 3 | |
| Lumber Harvesting | 2 | |
| Plating | 2 | |
| Barrage | 1 | |
| Animal War Training | 1 | |
| Flying Machine Bombs | 1 | |
| Flak Cannons | 1 | |
12 total
» buildings
| Altar of Kings | 1 | |
| Farm | 9 | |
| Barracks | 2 | |
| Lumber Mill | 1 | |
| Arcane Vault | 1 | |
| Scout Tower | 2 | |
| Guard Tower | 4 | |
| Keep | 2 | |
| Blacksmith | 1 | |
| Castle | 1 | |
| Workshop | 2 | |
| Town Hall | 2 | |
28 total
» build order
00:20 Altar of Kings
00:25 Farm
00:50 Barracks
01:04 Farm
01:15 Lumber Mill
01:51 Farm
02:21 Arcane Vault
02:32 Scout Tower
02:43 Farm
03:02 Guard Tower
03:02 Guard Tower
03:02 Guard Tower
03:56 Keep
03:56 Keep
05:55 Farm
05:58 Blacksmith
06:03 Scout Tower
07:06 Castle
07:10 Guard Tower
07:16 Farm
07:22 Workshop
07:23 Workshop
07:30 Barracks
11:22 Farm
11:24 Farm
15:37 Town Hall
21:06 Town Hall
26:08 Farm
» items
| Scroll of Regeneration | 4 | |
| Mana Stone | 1 | |
| Scroll of Town Portal | 1 | |
6 total

»
Osama.Bin.Laden (
orange | 62 APM | 1669 actions | 27:06)
9 Death Knight
3 Death Coil
3 Unholy Aura
1 Animate Dead
2 Death Pact
» actions
| Assign group hotkey | 20 | |
| Basic commands | 53 | |
| Build / train | 101 | |
| Enter build submenu | 23 | |
| Enter hero's abilities submenu | 9 | |
| Give item / drop item | 3 | |
| Right click | 581 | |
| Select / deselect | 428 | |
| Select group hotkey | 359 | |
| Use ability | 92 | |
1669 total
» units
| Acolyte | 8 | |
| Ghoul | 3 | |
| Crypt Fiend | 19 | |
| Goblin Zeppelin | 1 | |
| Obsidian Statue | 10 | |
| Goblin Sapper | 2 | |
43 total
» upgrades
| Creature Attack | 3 | |
| Creature Carapace | 3 | |
| Web | 1 | |
| Destroyer Form | 1 | |
| Burrow | 1 | |
| Ghoul Frenzy | 1 | |
| Unholy Strength | 3 | |
| Cannibalize | 1 | |
| Unholy Armor | 3 | |
| Disease Cloud | 1 | |
| Exhume Corpses | 1 | |
19 total
» buildings
| Altar of Darkness | 1 | |
| Ziggurat | 9 | |
| Crypt | 1 | |
| Graveyard | 1 | |
| Nerubian Tower | 1 | |
| Tomb of Relics | 1 | |
| Spirit Tower | 8 | |
| Halls of the Dead | 5 | |
| Slaughterhouse | 1 | |
| Black Citadel | 2 | |
| Sacrificial Pit | 1 | |
| Temple of the Damned | 1 | |
32 total
» build order
00:09 Altar of Darkness
00:11 Ziggurat
00:32 Crypt
00:57 Graveyard
01:09 Nerubian Tower
01:22 Tomb of Relics
02:01 Ziggurat
03:12 Spirit Tower
03:13 Spirit Tower
03:13 Spirit Tower
03:56 Ziggurat
04:37 Halls of the Dead
04:37 Halls of the Dead
04:38 Halls of the Dead
06:40 Ziggurat
07:19 Slaughterhouse
07:50 Black Citadel
11:16 Spirit Tower
14:35 Ziggurat
14:37 Ziggurat
14:38 Ziggurat
15:39 Spirit Tower
15:50 Spirit Tower
16:29 Ziggurat
16:31 Ziggurat
19:01 Sacrificial Pit
19:05 Spirit Tower
23:41 Temple of the Damned
» items
| Rod of Necromancy | 3 | |
| Orb of Corruption | 1 | |
| Scourge Bone Chimes | 1 | |
| Runed Bracers | 2 | |
| Scroll of Healing | 1 | |
| Scroll of Town Portal | 2 | |
10 total

»
SmokeFlameBuds (
purple | 40 APM | 1075 actions | 27:02)
8 Crypt Lord
3 Impale
3 Spiked Carapace
1 Locust Swarm
1 Carrion Beetles
5 Death Knight
3 Death Coil
2 Unholy Aura
» actions
| Assign group hotkey | 25 | |
| Build / train | 68 | |
| Enter build submenu | 19 | |
| Enter hero's abilities submenu | 13 | |
| Right click | 358 | |
| Select / deselect | 296 | |
| Select group hotkey | 242 | |
| Use ability | 54 | |
1075 total
» units
| Acolyte | 11 | |
| Ghoul | 3 | |
| Crypt Fiend | 10 | |
| Goblin Zeppelin | 1 | |
| Banshee | 11 | |
| Frost Wyrm | 5 | |
41 total
» upgrades
| Creature Carapace | 2 | |
| Creature Attack | 1 | |
| Web | 1 | |
| Burrow | 1 | |
| Banshee Training | 2 | |
7 total
» buildings
| Crypt | 2 | |
| Ziggurat | 8 | |
| Graveyard | 2 | |
| Altar of Darkness | 1 | |
| Halls of the Dead | 1 | |
| Black Citadel | 1 | |
| Sacrificial Pit | 1 | |
| Temple of the Damned | 1 | |
| Boneyard | 2 | |
| Necropolis | 1 | |
20 total
» build order
00:17 Crypt
00:23 Ziggurat
01:05 Graveyard
02:16 Altar of Darkness
02:20 Crypt
02:25 Ziggurat
04:19 Ziggurat
05:14 Ziggurat
06:46 Graveyard
07:18 Ziggurat
07:41 Halls of the Dead
10:19 Black Citadel
12:00 Sacrificial Pit
12:02 Temple of the Damned
13:00 Boneyard
13:01 Boneyard
15:52 Ziggurat
15:52 Ziggurat
15:53 Ziggurat
16:08 Necropolis
» items
| Sacrificial Skull | 1 | |
| Scroll of Town Portal | 2 | |
3 total

»
vividrage (
red | 26 APM | 697 actions | 27:02)
5 Demon Hunter
2 Immolation
3 Evasion
6 Priestess of the Moon
3 Trueshot Aura
2 Searing Arrows
1 Starfall
» actions
| Basic commands | 31 | |
| Build / train | 86 | |
| Enter build submenu | 24 | |
| Enter hero's abilities submenu | 11 | |
| Right click | 148 | |
| Select / deselect | 345 | |
| Use ability | 52 | |
697 total
» units
| Wisp | 18 | |
| Archer | 12 | |
| Glaive Thrower | 1 | |
| Hippogryph | 10 | |
| Goblin Shredder | 1 | |
| Huntress | 4 | |
| Chimaera | 5 | |
51 total
» upgrades
| Strength of the Moon | 3 | |
| Vorpal Blades | 1 | |
| Hippogryph Taming | 1 | |
| Improved Bows | 1 | |
| Moon Armor | 3 | |
| Marksmanship | 1 | |
| Upgrade Moon Glaive | 1 | |
| Sentinel | 1 | |
| Strength of the Wild | 2 | |
| Reinforced Hides | 1 | |
| Corrosive Breath | 1 | |
| Well Spring | 1 | |
| Ultravision | 1 | |
18 total
» buildings
| Moon Well | 11 | |
| Altar of Elders | 1 | |
| Ancient of War | 2 | |
| Tree of Ages | 1 | |
| Ancient of Wonders | 2 | |
| Hunter's Hall | 1 | |
| Ancient of Wind | 2 | |
| Tree of Life | 1 | |
| Tree of Eternity | 1 | |
| Chimaera Roost | 3 | |
25 total
» build order
00:40 Moon Well
00:49 Altar of Elders
00:55 Ancient of War
02:11 Moon Well
02:37 Moon Well
03:39 Tree of Ages
03:47 Ancient of Wonders
04:01 Ancient of Wonders
04:08 Hunter's Hall
06:14 Ancient of Wind
06:21 Ancient of Wind
07:11 Moon Well
11:12 Ancient of War
11:56 Moon Well
11:59 Moon Well
12:19 Moon Well
12:33 Tree of Life
12:51 Tree of Eternity
13:01 Moon Well
19:47 Moon Well
19:54 Moon Well
22:05 Chimaera Roost
22:09 Chimaera Roost
22:15 Chimaera Roost
23:33 Moon Well
» items
| Orb of Fire | 1 | |
| Orb of Venom | 1 | |
2 total
Chat log
(00:15 / Allies) Osama.Bin.Laden: units?
(00:23 / Allies) vividrage: air
(00:29 / Allies) Dreamlo: tanks and knights
(00:29 / Allies) SmokeFlameBuds: fiends frosties
(00:38 / Allies) Osama.Bin.Laden: fiends and destros later
(03:06 / Allies) SmokeFlameBuds: im not a noob, i jsut fucked up my build by acident and made an extra accolyte by accident too lol
(03:15 / Allies) Dreamlo: lol
(03:17 / Allies) Osama.Bin.Laden: you could scout with the 6th acolyte
(03:40 / Allies) SmokeFlameBuds: lol
(03:48 / Allies) Osama.Bin.Laden: lmao
(03:48 / Allies) Osama.Bin.Laden: tp
(03:51 / Allies) Dreamlo: red
(03:59 / Allies) SmokeFlameBuds: lol
(04:47 / Allies) Osama.Bin.Laden: creep this imo
(05:31 / Allies) SmokeFlameBuds: o
(05:36 / Allies) SmokeFlameBuds: oj are u gonan try and take that mine
(05:45 / Allies) Osama.Bin.Laden: if I can
(05:47 / Allies) Osama.Bin.Laden: tough creep camps
(05:58 / Allies) SmokeFlameBuds: imma take it then?
(06:09 / Allies) Osama.Bin.Laden: 2 mines at top left, let's each take one
(06:16 / Allies) SmokeFlameBuds: k
(06:21 / Allies) SmokeFlameBuds: i jsurt wanted to build a grave yard by one
(06:30 / Allies) Osama.Bin.Laden: creep this first?
(09:14 / Allies) Dreamlo: wood?
(10:01 / Allies) Dreamlo: u taking it?
(10:05 / Allies) Osama.Bin.Laden: yeah
(10:08 / Allies) vividrage: yes
(10:09 / Allies) Dreamlo: red
(10:11 / Allies) Dreamlo: k
(10:14 / Allies) Osama.Bin.Laden: this one I meant
(10:18 / Allies) Osama.Bin.Laden: if you can help creep it
(10:25 / Allies) vividrage: teal
(11:03 / Allies) Dreamlo: ;)
(11:27 / Allies) SmokeFlameBuds: coming
(11:31 / Allies) Osama.Bin.Laden: k thanks!
(11:38 / Allies) Dreamlo: i got this red
(12:33 / Allies) Osama.Bin.Laden: thanks!
(12:38 / Allies) Dreamlo: take
(13:43 / Allies) SmokeFlameBuds: any1 got wood?
(13:52 / Allies) SmokeFlameBuds: ty
(14:03 / Allies) SmokeFlameBuds: oh shit
(14:06 / Allies) SmokeFlameBuds: creeps super strong
(14:15 / Allies) Osama.Bin.Laden: careful
(14:21 / Allies) Osama.Bin.Laden: creeps are ridiculous on this map
(14:36 / Allies) SmokeFlameBuds: no item
(14:44 / Allies) SmokeFlameBuds: for that big blue stone nigga
(14:48 / Allies) Osama.Bin.Laden: i know, it's gay
(14:59 / Allies) SmokeFlameBuds: wow
(15:02 / Allies) SmokeFlameBuds: u guys atack without me
(15:03 / Allies) Osama.Bin.Laden: careful red and teal
(15:54 / Allies) Dreamlo: gold?
(16:03 / Allies) Dreamlo: ty
(16:05 / Allies) Osama.Bin.Laden: thanks for the wood red
(16:19 / Allies) SmokeFlameBuds: wow thanks
(16:27 / Allies) SmokeFlameBuds: tp?
(16:33 / Allies) Osama.Bin.Laden: tp
(18:24 / Allies) SmokeFlameBuds: ty
(18:27 / Allies) Osama.Bin.Laden: np
(19:51 / Allies) SmokeFlameBuds: main?
(20:01 / Allies) Osama.Bin.Laden: b
(21:04 / Allies) SmokeFlameBuds: get stats
(21:41 / All) SmokeFlameBuds: wow lmao
(22:10 / Allies) Osama.Bin.Laden: prepare for them to counter
(22:24 / Allies) Dreamlo: no more fiends
(22:25 / Allies) Dreamlo: plz
(22:32 / Allies) Dreamlo: let my tanks kill them
(22:48 / Allies) SmokeFlameBuds: tp?
(23:48 / Allies) Osama.Bin.Laden: buy tpw
(24:27 / Allies) Dreamlo: lets hit the fronts
(24:32 / Allies) SmokeFlameBuds: k
(24:36 / Allies) Osama.Bin.Laden: I have sappers
(25:02 / Allies) Osama.Bin.Laden: got t3
(25:44 / Allies) Osama.Bin.Laden: gj
(25:59 / All) Osama.Bin.Laden: gg
(26:01 / Allies) Dreamlo: wood?
(26:56 / Allies) Osama.Bin.Laden: sappers so ridiculous
(26:59 / Allies) Osama.Bin.Laden: 2 kill a t3 building